 Dungeon Crawl Stone Soup version 0.17-a0-461-g772d41b (webtiles) character file.

143 Kisielow the Covered (level 5, -1/47 HPs)
             Began as a Minotaur Fighter on Apr 5, 2015.
             Slain by a gnoll
             ... wielding a +0 flail
              (9 damage)
             ... on level 2 of the Dungeon.
             The game lasted 00:03:13 (1745 turns).

Kisielow the Covered (Minotaur Fighter)             Turns: 1745, Time: 00:03:13

Health: -1/47      AC:  7    Str: 21    XL:     5   Next: 4%
Magic:  4/4        EV:  7    Int:  5    God:
Gold:   104        SH:  9    Dex: 10    Spells: 0 memorised, 4 levels left

rFire  . . .     SeeInvis .     a - +0 long sword
rCold  . . .     Clarity  .     b - +0 scale mail
rNeg   . . .     SustAb   .     c - +0 shield
rPois  .         Gourm    .     k - +0 hat
rElec  .         Spirit   .     (no cloak)
rCorr  .         Warding  .     (no gloves)
rMut   .         Stasis   .     (no boots)
MR     .....                    (no amulet)
Stlth  ..........               (no ring)
                                (no ring)

@: not resistant to hostile enchantments, extremely unstealthy
A: retaliatory headbutt, horns 2
a: no special abilities


You were on level 2 of the Dungeon.
You were hungry.

You visited 1 branch of the dungeon, and saw 2 of its levels.

You collected 104 gold pieces.

Inventory:

Hand weapons
 a - a +0 long sword (weapon)
Armour
 b - a +0 scale mail (worn)
 c - a +0 shield (worn)
 k - a +0 hat (worn)
Scrolls
 g - a scroll of enchant weapon {unknown}
 j - a scroll of amnesia {unknown}
 m - a scroll of teleportation {unknown}
 o - a scroll of identify {unknown}
Potions
 e - a potion of might
 f - a potion of flight {unknown}
 h - a potion of mutation {unknown}
 i - a potion of brilliance {unknown}
 l - a potion of magic {unknown}
 n - a potion of beneficial mutation {unknown}
Comestibles
 d - 4 bread rations
 p - a chunk of flesh


   Skills:
 * Level 4.7 Fighting
 * Level 3.2 Long Blades
 * Level 4.9 Armour
 * Level 4.7 Shields


You had 4 spell levels left.
You didn't know any spells.

Dungeon Overview and Level Annotations

Branches:
Dungeon (2/15)

Altars:


Innate Abilities, Weirdness & Mutations

You reflexively headbutt those who attack you in melee.
You have a pair of horns on your head.


Message History

You become entangled in the net!
You slice into the net. The gnoll hits you with a flail!
You slice the net and break free! You barely miss the gnoll.
Your headbutt misses the gnoll. You block the gnoll's attack.
The gnoll barely misses you.
You barely miss the gnoll. The gnoll hits you with a flail!
* * * LOW HITPOINT WARNING * * *
You closely miss the gnoll. The gnoll hits you with a flail.
* * * LOW HITPOINT WARNING * * *
You hit the gnoll.
The gnoll is moderately wounded.
You block the gnoll's attack.
Your shield prevents you from hitting the gnoll.
You headbutt the gnoll.
The gnoll is heavily wounded.
You block the gnoll's attack.
You hit the gnoll but do no damage.
The gnoll is heavily wounded.
The gnoll hits you with a flail!
You die...

#.# ##+## #...# #.......
..###...## ###...###
#######. ####.....##
#.......# #.
##.......###...#...# .#.
##.........##..<....#####
.♣♣
.'÷..(.....'.............
♣≈P
##.>.......####...#######
♣♣.♣♣ ##.......## ##.##
♣≈≈≈♣ ##.....## #@#
♣♣♣♣♣P≈P♣ ##...##
###g#######♣PP♣♣≈≈≈♣
##'##
#.......##..≈.≈.≈≈≈≈ #.#
#.#...#....♣♣♣P♣≈≈≈♣ #.#
#.###.#.###♣ ♣♣♣≈≈P♣ ###
# #.#.# ♣♣≈♣♣ #.#.# ♣P≈♣
....# ♣♣≈♣ #.### ♣♣.♣


You could see a gnoll.

Vanquished Creatures
  Terence (D:2)
  7 gnolls (D:2)
  2 adders (D:2)
  A giant gecko (D:2)
  A bat (D:1)
  A giant cockroach (D:2)
  3 hobgoblins
  7 jackals
  2 giant newts
  4 goblins
  3 kobolds (D:1)
  2 rats (D:1)
34 creatures vanquished.

Notes
Turn   | Place    | Note
--------------------------------------------------------------
     0 | D:1      | Kisielow, the Minotaur Fighter, began the quest for the Orb.
     0 | D:1      | Reached XP level 1. HP: 19/19 MP: 0/0
   379 | D:1      | Reached XP level 2. HP: 27/27 MP: 1/1
   604 | D:1      | Reached skill level 4 in Armour
   893 | D:2      | Reached XP level 3. HP: 26/33 MP: 2/2
   903 | D:2      | HP: 1/34 [gnoll/spear (6)]
  1218 | D:2      | Reached XP level 4. HP: 16/41 MP: 3/3
  1538 | D:2      | Noticed Terence
  1546 | D:2      | Killed Terence
  1737 | D:2      | Reached XP level 5. HP: 22/47 MP: 4/4
  1745 | D:2      | Slain by a gnoll

Action                   |  1- 3 |  4- 6 || total
-------------------------+-------+-------++-------
Melee: Long sword        |    75 |    30 ||   105
  Eat: Chunk             |       |     2 ||     2
